2042 views
Uploaded 2022-09-06 03:59:10
Game version 1.33
25:14 long 3on3 ladder game on (6)GnollWood
Saved by GIGA
2042 views
Uploaded 2022-09-06 03:59:10
Game version 1.33
25:14 long 3on3 ladder game on (6)GnollWood


121 units @ 17.6k
/ 2.8k
60 buildings @ 7.8k
/ 3.1k

| Lesser Clarity Potion | 6 | 420 |
| Healing Salve | 3 | 300 |
| Orb of Lightning | 1 | 375 |
| Dust of Appearance | 1 | 75 |
| Circlet of Nobility | 2 | 350 |
| Boots of Speed | 1 | 250 |
| total: | 14 | 1770g |
| Peon | 15 | 1125 | / | 0 |
| Troll Headhunter | 16 | 2240 | / | 320 |
| Demolisher | 3 | 660 | / | 150 |
| Troll Berserker | 7 | 980 | / | 140 |
| total: | 41 | 5005g | / | 610w |
| Altar of Storms | 2 | 360 | / | 100 |
| Orc Burrow | 4 | 640 | / | 160 |
| Voodoo Lounge | 1 | 130 | / | 30 |
| War Mill | 1 | 205 | / | 0 |
| Barracks | 1 | 180 | / | 50 |
| Great Hall | 1 | 385 | / | 185 |
| Stronghold | 1 | 315 | / | 190 |
| Fortress | 1 | 325 | / | 190 |
| total: | 10 | 1900g | / | 525w |
| 0:02 | Peon |
| 0:02 | Peon |
| 0:05 | Altar of Storms |
| 0:08 | Peon |
| 0:13 | Orc Burrow |
| 0:35 | Peon |
| 0:38 | Peon |
| 0:50 | Voodoo Lounge |
| 0:54 | Peon |
| 1:09 | War Mill |
| 1:15 | Peon |
| 1:24 | Peon |
| 1:34 | Peon |
| 1:49 | Orc Burrow |
| 2:02 | Peon |
| 2:09 | Lesser Clarity Potion |
| 2:10 | Healing Salve |
| 2:15 | Wind Walk |
| 2:35 | Barracks |
| 2:46 | Orc Burrow |
| 3:31 | Circlet of Nobility |
| 3:40 | Boots of Speed |
| 3:46 | Dust of Appearance |
| 3:59 | Troll Headhunter |
| 4:39 | Troll Headhunter |
| 4:42 | Peon |
| 5:41 | Troll Headhunter |
| 5:41 | Troll Headhunter |
| 6:06 | Stronghold |
| 6:07 | Troll Headhunter |
| 6:07 | Troll Headhunter |
| 6:09 | Steel Ranged Weapons |
| 6:12 | Lesser Clarity Potion |
| 6:35 | Troll Headhunter |
| 6:48 | Critical Strike |
| 6:51 | Circlet of Nobility |
| 6:59 | Troll Headhunter |
| 7:04 | Orc Burrow |
| 7:59 | Troll Headhunter |
| 8:10 | Lesser Clarity Potion |
| 8:12 | Healing Salve |
| 8:31 | Fortress |
| 8:33 | Troll Headhunter |
| 9:49 | Troll Headhunter |
| 9:50 | Troll Headhunter |
| 9:50 | Troll Headhunter |
| 9:51 | Thorium Ranged Weapons |
| 10:12 | Wind Walk |
| 10:39 | Troll Headhunter |
| 10:46 | Troll Regeneration |
| 11:04 | Berserker Upgrade |
| 11:47 | Troll Headhunter |
| 11:47 | Troll Headhunter |
| 11:52 | Arcanite Ranged Weapons |
| 14:01 | Peon |
| 14:06 | Orb of Lightning |
| 14:09 | Lesser Clarity Potion |
| 14:16 | Demolisher |
| 14:17 | Demolisher |
| 15:11 | Demolisher |
| 15:32 | Peon |
| 15:32 | Peon |
| 15:33 | Peon |
| 15:55 | Burning Oil |
| 15:57 | Reinforced Defenses |
| 15:58 | Spiked Barricades |
| 17:43 | Critical Strike |
| 17:52 | Troll Berserker |
| 17:52 | Troll Berserker |
| 17:52 | Troll Berserker |
| 17:53 | Troll Berserker |
| 17:53 | Troll Berserker |
| 17:53 | Troll Berserker |
| 17:53 | Troll Berserker |
| 18:24 | Lesser Clarity Potion |
| 18:32 | Great Hall |
| 19:09 | Lesser Clarity Potion |
| 19:11 | Healing Salve |
| 23:02 | Altar of Storms |
| Right click | 1785 |
| Select | 410 |
| Build/train/purchase | 107 |
| Minimap ping | 17 |
| Use ability | 10 |
| Assign group | 8 |
| Item give/drop | 7 |
| Select group | 6 |
| Misc. action | 3 |
| Remove unit | 3 |



| Healing Salve | 6 | 600 |
| Orb of Lightning | 1 | 375 |
| Scroll of Healing | 1 | 250 |
| Circlet of Nobility | 2 | 350 |
| Potion of Lesser Invulnerability | 1 | 150 |
| Scroll of Protection | 1 | 150 |
| total: | 12 | 1875g |
| Peon | 9 | 675 | / | 0 |
| Grunt | 3 | 600 | / | 0 |
| Troll Headhunter | 1 | 140 | / | 20 |
| Raider | 5 | 900 | / | 200 |
| Kodo Beast | 1 | 255 | / | 60 |
| Demolisher | 1 | 220 | / | 50 |
| Troll Batrider | 3 | 480 | / | 120 |
| Shaman | 4 | 520 | / | 80 |
| Tauren | 4 | 1120 | / | 320 |
| Spirit Walker | 1 | 195 | / | 35 |
| Forest Troll Shadow Priest | 1 | 195 | / | 10 |
| Forest Troll Berserker | 1 | 245 | / | 30 |
| total: | 34 | 5545g | / | 925w |
| Watch Tower | 2 | 220 | / | 160 |
| Altar of Storms | 1 | 180 | / | 50 |
| Orc Burrow | 7 | 1120 | / | 280 |
| Voodoo Lounge | 1 | 130 | / | 30 |
| War Mill | 1 | 205 | / | 0 |
| Barracks | 2 | 360 | / | 100 |
| Beastiary | 2 | 290 | / | 280 |
| Tauren Totem | 1 | 135 | / | 155 |
| Spirit Lodge | 1 | 150 | / | 150 |
| Stronghold | 1 | 315 | / | 190 |
| Fortress | 1 | 325 | / | 190 |
| total: | 18 | 2790g | / | 1205w |
| 0:02 | Peon |
| 0:02 | Peon |
| 0:09 | Altar of Storms |
| 0:12 | Orc Burrow |
| 0:14 | Peon |
| 0:41 | Peon |
| 0:48 | Voodoo Lounge |
| 0:50 | Peon |
| 1:16 | War Mill |
| 1:18 | Peon |
| 1:36 | Barracks |
| 1:49 | Orc Burrow |
| 2:08 | Wind Walk |
| 2:11 | Healing Salve |
| 2:11 | Healing Salve |
| 2:28 | Pillage |
| 2:38 | Grunt |
| 3:21 | Stronghold |
| 3:25 | Grunt |
| 3:47 | Circlet of Nobility |
| 3:59 | Orc Burrow |
| 4:35 | Grunt |
| 4:35 | Troll Headhunter |
| 4:46 | Critical Strike |
| 4:50 | Circlet of Nobility |
| 5:14 | Orc Burrow |
| 5:17 | Watch Tower |
| 5:58 | Critical Strike |
| 6:13 | Berserker Strength |
| 6:19 | Barracks |
| 6:22 | Beastiary |
| 6:42 | Beastiary |
| 7:04 | Forest Troll Shadow Priest |
| 7:11 | Forest Troll Berserker |
| 7:21 | Hex |
| 7:28 | Ensnare |
| 7:31 | Healing Salve |
| 7:50 | Healing Salve |
| 7:55 | Raider |
| 8:13 | Kodo Beast |
| 8:22 | Steel Melee Weapons |
| 9:21 | Raider |
| 9:55 | Raider |
| 10:42 | Fortress |
| 10:44 | Demolisher |
| 10:50 | Orc Burrow |
| 12:05 | Wind Walk |
| 12:12 | Orc Burrow |
| 12:14 | Raider |
| 12:15 | Raider |
| 13:32 | Watch Tower |
| 14:42 | Steel Armor |
| 15:10 | Endurance Aura |
| 15:12 | Orb of Lightning |
| 15:13 | Healing Salve |
| 15:47 | Spiked Barricades |
| 15:48 | Reinforced Defenses |
| 15:53 | Tauren Totem |
| 16:05 | Spirit Lodge |
| 16:06 | Peon |
| 17:06 | Healing Wave |
| 17:18 | Shaman Adept Training |
| 17:20 | Healing Salve |
| 17:32 | Pulverize |
| 17:34 | Peon |
| 17:34 | Peon |
| 18:18 | Troll Batrider |
| 18:21 | Orc Burrow |
| 19:05 | Troll Batrider |
| 19:26 | Shaman Master Training |
| 19:28 | Shaman |
| 19:47 | Potion of Lesser Invulnerability |
| 19:49 | Scroll of Healing |
| 19:57 | Scroll of Protection |
| 20:14 | Tauren |
| 20:50 | Shaman |
| 21:00 | Troll Batrider |
| 22:24 | War Stomp |
| 22:46 | Tauren |
| 22:47 | Shaman |
| 22:48 | Shaman |
| 22:56 | Tauren |
| 24:08 | Spirit Walker |
| 24:12 | Tauren |
| Right click | 952 |
| Select group | 650 |
| Select | 547 |
| Build/train/purchase | 86 |
| Misc. action | 31 |
| Use ability | 31 |
| Assign group | 25 |
| Item give/drop | 7 |
| Minimap ping | 5 |
| Remove unit | 1 |

| Boots of Speed | 1 | 250 |
| total: | 1 | 250g |
| Peasant | 10 | 750 | / | 0 |
| Footman | 6 | 810 | / | 0 |
| Rifleman | 6 | 1230 | / | 180 |
| Gryphon Rider | 8 | 2240 | / | 560 |
| Dragonhawk Rider | 1 | 200 | / | 30 |
| Siege Engine | 3 | 585 | / | 180 |
| Flying Machine | 12 | 1200 | / | 360 |
| total: | 46 | 7015g | / | 1310w |
| Scout Tower | 7 | 210 | / | 140 |
| Guard Tower | 4 | 280 | / | 200 |
| Arcane Tower | 2 | 140 | / | 100 |
| Altar of Kings | 1 | 180 | / | 50 |
| Farm | 14 | 1120 | / | 280 |
| Lumber Mill | 2 | 240 | / | 0 |
| Barracks | 1 | 160 | / | 60 |
| Blacksmith | 1 | 140 | / | 60 |
| Arcane Vault | 1 | 130 | / | 30 |
| Town Hall | 1 | 385 | / | 205 |
| Gryphon Aviary | 2 | 280 | / | 300 |
| Workshop | 2 | 280 | / | 280 |
| Keep | 1 | 320 | / | 210 |
| Castle | 1 | 360 | / | 210 |
| total: | 32 | 3125g | / | 1405w |
| 0:01 | Peasant |
| 0:01 | Peasant |
| 0:05 | Altar of Kings |
| 0:09 | Farm |
| 0:16 | Peasant |
| 0:19 | Peasant |
| 0:35 | Peasant |
| 0:53 | Lumber Mill |
| 0:58 | Farm |
| 1:17 | Barracks |
| 1:23 | Peasant |
| 1:40 | Scout Tower |
| 1:49 | Scout Tower |
| 1:54 | Peasant |
| 2:03 | Improved Lumber Harvesting |
| 2:12 | Scout Tower |
| 2:16 | Guard Tower |
| 2:25 | Storm Bolt |
| 2:29 | Footman |
| 2:30 | Footman |
| 2:49 | Guard Tower |
| 2:53 | Peasant |
| 3:03 | Guard Tower |
| 3:37 | Scout Tower |
| 3:38 | Footman |
| 3:45 | Boots of Speed |
| 3:52 | Footman |
| 4:11 | Arcane Tower |
| 4:14 | Footman |
| 4:20 | Blacksmith |
| 4:45 | Defend |
| 4:47 | Improved Masonry |
| 4:50 | Keep |
| 5:32 | Footman |
| 5:34 | Black Gunpowder |
| 5:52 | Arcane Vault |
| 6:15 | Farm |
| 6:45 | Studded Leather Armor |
| 6:48 | Iron Forged Swords |
| 7:01 | Farm |
| 7:11 | Scout Tower |
| 7:18 | Farm |
| 7:36 | Advanced Lumber Harvesting |
| 7:38 | Peasant |
| 7:38 | Peasant |
| 7:41 | Bash |
| 8:06 | Scout Tower |
| 8:10 | Gryphon Aviary |
| 8:15 | Rifleman |
| 8:16 | Long Rifles |
| 8:18 | Castle |
| 8:34 | Steel Forged Swords |
| 8:37 | Advanced Masonry |
| 9:31 | Rifleman |
| 9:51 | Rifleman |
| 9:52 | Rifleman |
| 9:58 | Arcane Tower |
| 10:02 | Gryphon Aviary |
| 10:48 | Gryphon Rider |
| 10:51 | Rifleman |
| 11:10 | Farm |
| 11:45 | Scout Tower |
| 11:47 | Storm Hammers |
| 11:49 | Gryphon Rider |
| 12:00 | Storm Bolt |
| 12:08 | Rifleman |
| 12:19 | Farm |
| 12:42 | Refined Gunpowder |
| 12:58 | Dragonhawk Rider |
| 12:59 | Gryphon Rider |
| 13:58 | Farm |
| 14:07 | Guard Tower |
| 14:15 | Farm |
| 14:43 | Farm |
| 14:46 | Imbued Gunpowder |
| 15:09 | Gryphon Rider |
| 15:14 | Farm |
| 15:58 | Workshop |
| 16:06 | Workshop |
| 17:35 | Reinforced Leather Armor |
| 18:22 | Siege Engine |
| 18:23 | Siege Engine |
| 18:37 | Gryphon Rider |
| 18:54 | Farm |
| 19:02 | Farm |
| 19:08 | Imbued Masonry |
| 19:17 | Gryphon Rider |
| 19:26 | Dragonhide Armor |
| 19:53 | Farm |
| 19:59 | Gryphon Rider |
| 20:05 | Barrage |
| 20:13 | Siege Engine |
| 20:31 | Flying Machine |
| 20:50 | Flying Machine |
| 20:51 | Flying Machine Bombs |
| 20:52 | Flak Cannons |
| 21:12 | Flying Machine |
| 21:34 | Lumber Mill |
| 22:13 | Town Hall |
| 22:29 | Flying Machine |
| 22:30 | Flying Machine |
| 22:43 | Gryphon Rider |
| 22:53 | Flying Machine |
| 23:33 | Flying Machine |
| 23:34 | Flying Machine |
| 23:58 | Flying Machine |
| 24:00 | Flying Machine |
| 24:59 | Flying Machine |
| 25:01 | Flying Machine |
| Select group | 1128 |
| Right click | 1039 |
| Select | 467 |
| Build/train/purchase | 87 |
| Assign group | 16 |
| Use ability | 15 |
| Remove unit | 2 |
| Misc. action | 1 |
74 units @ 7.4k
/ 0.9k
123 buildings @ 9.5k
/ 4.3k
DudeWhy
(236)
(25:12) : 


| Peasant | 17 | 1275 | / | 0 |
| Mortar Team | 2 | 360 | / | 140 |
| Flying Machine | 13 | 1300 | / | 390 |
| Sorceress | 2 | 310 | / | 40 |
| total: | 34 | 3245g | / | 570w |
| Scout Tower | 21 | 630 | / | 420 |
| Arcane Tower | 2 | 140 | / | 100 |
| Guard Tower | 8 | 560 | / | 400 |
| Altar of Kings | 1 | 180 | / | 50 |
| Farm | 13 | 1040 | / | 260 |
| Lumber Mill | 1 | 120 | / | 0 |
| Town Hall | 1 | 385 | / | 205 |
| Blacksmith | 1 | 140 | / | 60 |
| Workshop | 3 | 420 | / | 420 |
| Arcane Sanctum | 1 | 150 | / | 140 |
| Keep | 1 | 320 | / | 210 |
| Castle | 1 | 360 | / | 210 |
| total: | 42 | 3065g | / | 1555w |
| 0:02 | Peasant |
| 0:05 | Altar of Kings |
| 0:06 | Peasant |
| 0:18 | Farm |
| 0:20 | Peasant |
| 0:28 | Peasant |
| 0:37 | Lumber Mill |
| 0:39 | Peasant |
| 0:49 | Farm |
| 0:58 | Peasant |
| 1:20 | Scout Tower |
| 1:21 | Scout Tower |
| 1:35 | Peasant |
| 1:45 | Improved Lumber Harvesting |
| 1:47 | Arcane Tower |
| 1:50 | Peasant |
| 2:20 | Peasant |
| 2:22 | Scout Tower |
| 2:23 | Scout Tower |
| 2:24 | Peasant |
| 2:27 | Storm Bolt |
| 3:02 | Town Hall |
| 3:10 | Scout Tower |
| 3:14 | Peasant |
| 3:17 | Guard Tower |
| 3:37 | Arcane Tower |
| 3:43 | Guard Tower |
| 4:12 | Peasant |
| 4:12 | Peasant |
| 4:18 | Farm |
| 4:27 | Scout Tower |
| 4:34 | Scout Tower |
| 4:35 | Scout Tower |
| 4:36 | Scout Tower |
| 4:51 | Keep |
| 4:54 | Peasant |
| 4:54 | Peasant |
| 5:29 | Guard Tower |
| 5:37 | Improved Masonry |
| 5:42 | Scout Tower |
| 5:44 | Scout Tower |
| 5:45 | Scout Tower |
| 5:46 | Scout Tower |
| 6:24 | Guard Tower |
| 6:30 | Blacksmith |
| 6:33 | Scout Tower |
| 6:34 | Scout Tower |
| 6:35 | Scout Tower |
| 6:36 | Scout Tower |
| 6:37 | Scout Tower |
| 6:41 | Guard Tower |
| 7:14 | Castle |
| 7:15 | Guard Tower |
| 7:38 | Advanced Lumber Harvesting |
| 7:38 | Advanced Masonry |
| 7:41 | Workshop |
| 7:43 | Workshop |
| 7:47 | Workshop |
| 7:59 | Black Gunpowder |
| 8:10 | Peasant |
| 8:10 | Peasant |
| 8:32 | Guard Tower |
| 9:51 | Flak Cannons |
| 9:52 | Flying Machine Bombs |
| 9:52 | Fragmentation Shards |
| 9:52 | Flare |
| 9:53 | Refined Gunpowder |
| 9:53 | Iron Plating |
| 10:38 | Mortar Team |
| 10:57 | Brilliance Aura |
| 11:14 | Farm |
| 11:15 | Farm |
| 11:16 | Farm |
| 11:17 | Farm |
| 11:27 | Farm |
| 11:44 | Imbued Gunpowder |
| 11:56 | Farm |
| 11:58 | Farm |
| 11:59 | Farm |
| 12:15 | Flying Machine |
| 12:16 | Flying Machine |
| 12:29 | Farm |
| 12:34 | Farm |
| 12:38 | Steel Plating |
| 13:28 | Flying Machine |
| 14:22 | Flying Machine |
| 14:22 | Flying Machine |
| 14:23 | Flying Machine |
| 14:23 | Flying Machine |
| 14:23 | Flying Machine |
| 14:23 | Flying Machine |
| 14:23 | Flying Machine |
| 14:42 | Imbued Masonry |
| 14:55 | Flying Machine |
| 15:00 | Mithril Plating |
| 15:03 | Flying Machine |
| 15:47 | Flying Machine |
| 15:54 | Studded Leather Armor |
| 16:11 | Scout Tower |
| 16:13 | Scout Tower |
| 16:14 | Scout Tower |
| 16:48 | Mortar Team |
| 17:08 | Divine Shield |
| 18:26 | Storm Bolt |
| 18:27 | Storm Bolt |
| 18:28 | Divine Shield |
| 19:02 | Guard Tower |
| 19:30 | Reinforced Leather Armor |
| 21:17 | Arcane Sanctum |
| 22:46 | Sorceress Adept Training |
| 22:54 | Sorceress Master Training |
| 22:55 | Sorceress |
| 22:55 | Sorceress |
| Right click | 725 |
| Select group | 295 |
| Select | 281 |
| Build/train/purchase | 96 |
| Misc. action | 73 |
| Use ability | 59 |
| Resource trade | 37 |
| Minimap ping | 11 |
| Assign group | 10 |
| Esc | 3 |
Cabeelibob
(194)
(25:12) : 
| Healing Salve | 1 | 100 |
| Lesser Clarity Potion | 1 | 70 |
| Orb of Lightning | 1 | 375 |
| Boots of Speed | 1 | 250 |
| Staff of Teleportation | 1 | 150 |
| Orb of Fire | 1 | 325 |
| total: | 6 | 1270g |
| Peon | 16 | 1200 | / | 0 |
| Troll Witch Doctor | 4 | 580 | / | 100 |
| total: | 20 | 1780g | / | 100w |
| Watch Tower | 7 | 770 | / | 560 |
| Altar of Storms | 2 | 360 | / | 100 |
| Orc Burrow | 3 | 480 | / | 120 |
| War Mill | 3 | 615 | / | 0 |
| Voodoo Lounge | 2 | 260 | / | 60 |
| Great Hall | 2 | 770 | / | 370 |
| Spirit Lodge | 1 | 150 | / | 150 |
| Stronghold | 2 | 630 | / | 380 |
| Fortress | 2 | 650 | / | 380 |
| total: | 20 | 3405g | / | 1360w |
| 0:04 | Altar of Storms |
| 0:06 | Orc Burrow |
| 0:07 | Peon |
| 0:23 | Peon |
| 0:40 | Peon |
| 0:57 | War Mill |
| 0:59 | Peon |
| 1:20 | Peon |
| 1:30 | Peon |
| 1:44 | Orc Burrow |
| 1:45 | Peon |
| 1:59 | Peon |
| 2:07 | Wind Walk |
| 2:17 | Watch Tower |
| 2:25 | Peon |
| 2:44 | Peon |
| 3:12 | Watch Tower |
| 3:13 | Peon |
| 3:14 | Peon |
| 4:30 | Watch Tower |
| 4:33 | Voodoo Lounge |
| 4:44 | Peon |
| 5:38 | Watch Tower |
| 5:43 | Stronghold |
| 5:48 | Critical Strike |
| 6:04 | Boots of Speed |
| 6:05 | Staff of Teleportation |
| 7:03 | Watch Tower |
| 7:19 | Healing Salve |
| 7:29 | Lesser Clarity Potion |
| 8:17 | Fortress |
| 8:44 | Watch Tower |
| 9:41 | Holy Light |
| 10:05 | Spirit Lodge |
| 10:30 | Watch Tower |
| 11:18 | Great Hall |
| 11:25 | Orb of Fire |
| 11:43 | Witch Doctor Adept Training |
| 12:11 | Great Hall |
| 12:34 | War Mill |
| 12:39 | War Mill |
| 13:02 | Critical Strike |
| 14:46 | Orc Burrow |
| 15:59 | Stronghold |
| 16:01 | Peon |
| 16:01 | Peon |
| 16:23 | Voodoo Lounge |
| 17:13 | Troll Witch Doctor |
| 17:16 | Witch Doctor Master Training |
| 17:25 | Peon |
| 17:57 | Altar of Storms |
| 19:55 | Fortress |
| 20:23 | Troll Witch Doctor |
| 20:23 | Troll Witch Doctor |
| 20:24 | Troll Witch Doctor |
| 22:26 | Wind Walk |
| 23:11 | Orb of Lightning |
| Right click | 841 |
| Select | 153 |
| Select group | 126 |
| Misc. action | 98 |
| Resource trade | 64 |
| Build/train/purchase | 61 |
| Use ability | 16 |
| Chat | 16 |
| Assign group | 10 |
| Item give/drop | 6 |
| Minimap ping | 2 |
| Remove unit | 1 |


| Boots of Speed | 2 | 500 |
| total: | 2 | 500g |
| Peasant | 13 | 975 | / | 0 |
| Dragonhawk Rider | 7 | 1400 | / | 210 |
| total: | 20 | 2375g | / | 210w |
| Scout Tower | 44 | 1320 | / | 880 |
| Arcane Tower | 6 | 420 | / | 300 |
| Guard Tower | 13 | 910 | / | 650 |
| Altar of Kings | 1 | 180 | / | 50 |
| Farm | 11 | 880 | / | 220 |
| Lumber Mill | 2 | 240 | / | 0 |
| Arcane Vault | 2 | 260 | / | 60 |
| Gryphon Aviary | 1 | 140 | / | 150 |
| Keep | 1 | 320 | / | 210 |
| Castle | 1 | 360 | / | 210 |
| total: | 61 | 3020g | / | 1360w |
| 0:03 | Peasant |
| 0:03 | Peasant |
| 0:08 | Altar of Kings |
| 0:10 | Farm |
| 0:11 | Farm |
| 0:33 | Peasant |
| 0:43 | Lumber Mill |
| 0:46 | Peasant |
| 0:51 | Peasant |
| 0:58 | Farm |
| 1:02 | Scout Tower |
| 1:15 | Peasant |
| 1:15 | Peasant |
| 1:21 | Peasant |
| 1:37 | Peasant |
| 1:41 | Arcane Tower |
| 1:49 | Improved Lumber Harvesting |
| 2:19 | Storm Bolt |
| 2:22 | Peasant |
| 2:22 | Peasant |
| 2:22 | Peasant |
| 2:23 | Peasant |
| 2:50 | Improved Masonry |
| 3:05 | Scout Tower |
| 3:07 | Scout Tower |
| 3:08 | Scout Tower |
| 3:09 | Scout Tower |
| 3:18 | Scout Tower |
| 3:25 | Scout Tower |
| 3:26 | Scout Tower |
| 3:27 | Scout Tower |
| 3:28 | Scout Tower |
| 3:35 | Keep |
| 3:59 | Arcane Tower |
| 4:00 | Guard Tower |
| 4:03 | Scout Tower |
| 4:04 | Scout Tower |
| 4:06 | Scout Tower |
| 4:08 | Scout Tower |
| 4:08 | Scout Tower |
| 4:10 | Scout Tower |
| 4:11 | Scout Tower |
| 4:25 | Guard Tower |
| 4:29 | Arcane Tower |
| 4:41 | Scout Tower |
| 4:42 | Scout Tower |
| 4:49 | Scout Tower |
| 4:50 | Scout Tower |
| 4:51 | Scout Tower |
| 5:01 | Guard Tower |
| 5:02 | Guard Tower |
| 5:03 | Guard Tower |
| 5:08 | Scout Tower |
| 5:08 | Scout Tower |
| 5:11 | Guard Tower |
| 5:19 | Scout Tower |
| 5:20 | Scout Tower |
| 5:23 | Guard Tower |
| 5:42 | Guard Tower |
| 5:46 | Guard Tower |
| 5:47 | Arcane Tower |
| 5:52 | Scout Tower |
| 6:03 | Advanced Masonry |
| 6:10 | Guard Tower |
| 6:13 | Guard Tower |
| 6:15 | Scout Tower |
| 6:18 | Scout Tower |
| 6:18 | Scout Tower |
| 6:25 | Arcane Tower |
| 6:45 | Castle |
| 6:57 | Bash |
| 7:00 | Holy Light |
| 7:07 | Bash |
| 7:17 | Arcane Tower |
| 7:19 | Guard Tower |
| 7:38 | Gryphon Aviary |
| 7:47 | Arcane Vault |
| 7:52 | Arcane Vault |
| 9:07 | Imbued Masonry |
| 9:09 | Cloud |
| 9:12 | Storm Hammers |
| 9:25 | Lumber Mill |
| 10:24 | Boots of Speed |
| 10:24 | Boots of Speed |
| 11:29 | Farm |
| 11:30 | Farm |
| 11:32 | Farm |
| 11:33 | Farm |
| 11:42 | Farm |
| 12:18 | Dragonhawk Rider |
| 12:18 | Dragonhawk Rider |
| 12:18 | Dragonhawk Rider |
| 13:22 | Scout Tower |
| 13:24 | Scout Tower |
| 13:26 | Scout Tower |
| 13:27 | Scout Tower |
| 14:32 | Guard Tower |
| 19:29 | Farm |
| 19:31 | Farm |
| 19:38 | Farm |
| 20:29 | Dragonhawk Rider |
| 20:30 | Dragonhawk Rider |
| 20:30 | Dragonhawk Rider |
| 21:34 | Dragonhawk Rider |
| 23:54 | Scout Tower |
| 23:55 | Scout Tower |
| 23:56 | Scout Tower |
| 23:56 | Scout Tower |
| 23:57 | Scout Tower |
| 23:57 | Scout Tower |
| 23:58 | Scout Tower |
| 24:00 | Scout Tower |
| 24:03 | Scout Tower |
| 24:04 | Scout Tower |
| Right click | 846 |
| Select group | 651 |
| Select | 370 |
| Build/train/purchase | 58 |
| Resource trade | 28 |
| Assign group | 21 |
| Minimap ping | 16 |
| Misc. action | 12 |
| Use ability | 12 |
| Chat | 4 |
| Item give/drop | 1 |